 Dungeon Crawl Stone Soup version 0.30-a0-187-gd9c2deaf24 (webtiles) character file.

Game seed: 13789368691434606406

394 KennySheep the Trooper (level 6, -2/100 HPs)
             Began as an Ogre Berserker on Oct 4, 2022.
             Was a Priest of Trog.
             Slain by a gnoll
             ... wielding a +0 flail
             ... led by a gnoll bouda
              (8 damage)
             ... on level 3 of the Dungeon.
             The game lasted 00:06:15 (3149 turns).

KennySheep the Trooper (Ogre Berserker)             Turns: 3149, Time: 00:06:17

Health: -2/100     AC:  3    Str: 24    XL:     6   Next: 81%
Magic:  6/6        EV: 10    Int:  8    God:    Trog [***...]
Gold:   157        SH:  0    Dex:  8    Spells: 5/5 levels left

rFire   . . .      SeeInvis .    a - +0 mace
rCold   . . .      Faith    .    (no shield)
rNeg    . . .      Spirit   .    b - +0 animal skin
rPois   .          Reflect  .    (helmet restricted)
rElec   .          Harm     .    (no cloak)
rCorr   .          Rampage  .    (gloves unavailable)
Will    .....                    (boots unavailable)
Stlth   ..........               m - amulet of the acrobat
HPRegen 0.36/turn                (no ring)
MPRegen 0.10/turn                (no ring)

@: berserking, weakened, very quick
A: large, unfitting armour, tough skin 1
a: Renounce Religion, Berserk, Trog's Hand


You were on level 3 of the Dungeon.
You worshipped Trog.
Trog was most pleased with you.
You visited 1 branch of the dungeon, and saw 4 of its levels.

You collected 157 gold pieces.

Inventory:

Hand Weapons
 a - a +0 mace (weapon)
Missiles
 j - 13 stones
 o - 4 large rocks (quivered)
Armour
 b - a +0 animal skin (worn)
Jewellery
 f - a +6 ring of intelligence
 m - an amulet of the acrobat (around neck)
Wands
 l - a wand of flame (19)
 t - a wand of roots (11)
Scrolls
 g - 3 scrolls of noise
 h - 2 scrolls of silence
 n - a scroll of magic mapping
 p - a scroll of fear
 r - a scroll of poison
 s - a scroll of amnesia {unknown}
Potions
 c - a potion of ambrosia
 d - a potion of curing
 e - a potion of lignification {unknown}
 i - a potion of mutation {unknown}
 k - a potion of heal wounds {unknown}
 q - a potion of degeneration {unknown}


   Skills:
 + Level 6.1 Fighting
 + Level 4.8 Maces & Flails
 * Level 3.4 Throwing
 - Level 2.6 Dodging


You had 5 spell levels left.
You didn't know any spells.
Your spell library was empty.

Dungeon Overview and Level Annotations

Branches:
Dungeon (4/15)
 Temple: D:4-7

Altars:


Innate Abilities, Weirdness & Mutations

You are too large for most types of armour.
You have tough skin. (AC +1)


Message History

You hit the gnoll bouda.
The gnoll bouda is moderately wounded.
The gnoll closely misses you. The gnoll barely misses you.
The gnoll bouda gazes fiercely through you!
You feel as though you will be weak longer.
The gnoll bouda hits you with a +0 whip!
You hit the gnoll bouda.
The gnoll bouda is heavily wounded.
The gnoll barely misses you. The gnoll bouda barely misses you.
The gnoll misses you.
You barely miss the gnoll bouda.
The gnoll bouda is heavily wounded.
The gnoll closely misses you.
The gnoll bouda hits you with a +0 whip.
The gnoll hits you with a +0 flail.
* * * LOW HITPOINT WARNING * * *
A red film seems to cover your vision as you go berserk!
You feel yourself moving faster!
You feel mighty! The gnoll hits you with a +0 flail!
* * * LOW HITPOINT WARNING * * *
The gnoll bouda hits you with a +0 whip.
* * * LOW HITPOINT WARNING * * *
You sock the gnoll bouda!
The gnoll bouda is almost dead.
The gnoll hits you but does no damage. The gnoll bouda barely misses you.
You barely miss the gnoll bouda.
The gnoll bouda is almost dead.
The gnoll hits you with a +0 flail.
* * * LOW HITPOINT WARNING * * *
The gnoll bouda hits you with a +0 whip!
* * * LOW HITPOINT WARNING * * *
You sock the gnoll bouda!
You kill the gnoll bouda!
Trog accepts your kill. The gnoll hits you with a +0 flail.
* * * LOW HITPOINT WARNING * * *
You hit the gnoll.
The gnoll is moderately wounded.
The gnoll closely misses you. The gnoll hits you with a +0 flail!
You die...

##.# #.##..<.....#.#... #.#
#.##)...........## ##########.##
#.##........##.... #...........#
#.............###. #...........#
#..#............#. #...........#
##....#.#.##......
#...).......#######.#.#.##......
########......#####...#.######..
#.........@#....##.##......
#.........)g.#.###.#..#####
#...............##.#.##....
#..........##....#...#..###
#<.....................####
#.........###..............
#....)....# ##......#######
#.....[[..# ###.......##..
#..)..))..# #.........##..


You could see a gnoll (fast).

Vanquished Creatures
  Edmund (D:4)
  A hound (D:4)
  A gnoll bouda (D:3)
  3 orc wizards (D:4)
  A gnoll (D:4)
  2 adders
  An ufetubus (D:4)
  2 worms (D:2)
  2 dart slugs
  8 orcs
  9 endoplasms
  5 giant cockroaches
  10 goblins
  3 hobgoblins
  6 jackals
  8 quokkas
  6 ball pythons
  2 bats
  7 frilled lizards
  6 kobolds
  5 rats
89 creatures vanquished.

Notes
Turn   | Place    | Note
-------+----------+-------------------------------------------
     0 | D:1      | KennySheep the Ogre Berserker began the quest for the Orb.
     0 | D:1      | Reached XP level 1. HP: 24/24 MP: 1/1
   160 | D:1      | Reached XP level 2. HP: 26/32 MP: 2/2
   491 | D:1      | Reached XP level 3. HP: 39/40 MP: 3/3
   544 | D:1      | Reached ** piety under Trog
  1363 | D:2      | Reached XP level 4. HP: 48/49 MP: 4/4
  1622 | D:2      | Reached skill level 5 in Fighting
  1680 | D:2      | Found a faded altar of an unknown god.
  2485 | D:4      | Reached skill level 1 in Throwing
  2485 | D:4      | Reached XP level 5. HP: 45/57 MP: 5/5
  2712 | D:4      | Reached *** piety under Trog
  2892 | D:4      | Noticed Edmund
  2903 | D:4      | Killed Edmund
  2904 | D:4      | Reached XP level 6. HP: 40/67 MP: 6/6
  2924 | D:4      | Reached skill level 6 in Fighting
  3149 | D:3      | Slain by a gnoll

Illustrated notes

Levels and vault maps discovered:
D:1:      psy_arrival_terrarium, layout_basic, minmay_misc_feat_four_crosses
D:2:      layout_loops_cross, basic_ecumenical_altar
D:3:      layout_rooms, minmay_three_crescents
D:4:      layout_basic, nicolae_uskayaw_murder_on_the_dancefloor,
          grunt_ministairs_13, minivault_26,
          minmay_a_box_with_orc_wizards_in_it, uniq_edmund

Skill      XL: |  1  2  3  4  5  6 |
---------------+-------------------+-----
Maces & Flails | 3 4 |  4.8
Fighting       | 5 6 |  6.1
Throwing       | 1 3 |  3.4
Dodging        | |  2.6

Action                   |  1- 3 |  4- 6 || total
-------------------------+-------+-------++-------
Melee: Mace              |   135 |   153 ||   288
       Punch             |       |     2 ||     2
Throw: Large rock        |       |    12 ||    12
       Stone             |       |     8 ||     8
Invok: Berserk           |       |     2 ||     2
  Use: Scroll            |       |     5 ||     5
       Potion            |       |     2 ||     2
Armor: Animal skin       |    60 |    48 ||   108
Dodge: Dodged            |    97 |   102 ||   199

Table legend: (Time is in decaauts)
 A = Elapsed time spent in this place.
 B = Non-inter-level travel time spent in this place.
 C = Inter-level travel time spent in this place.
 D = Time resting spent in this place.
 E = Time spent auto-exploring this place.
 F = Levels seen in this place.
 G = Mean time per level.
                   A        B        C        D        E       F      G
               +--------+--------+--------+--------+--------+-----+--------+
         Total |   3232 |   3157 |     75 |    427 |   2052 |   4 |  808.0 |
       Dungeon |   3232 |   3157 |     75 |    427 |   2052 |   4 |  808.0 |
               +--------+--------+--------+--------+--------+-----+--------+

Top non-repeatable levels by time:
     D:2: 1045 daAuts
     D:1: 822 daAuts
     D:4: 709 daAuts
     D:3: 654 daAuts
